 Dungeon Sprint DCSS version 0.26-a0-1026-g544776af23 (webtiles) character file.

Game seed: 10528519807581025474

0 sahdkjhfkaj the Poker (level 1, -2/17 HPs)
             Began as a Merfolk Gladiator on Dec 9, 2020.
             Was an Initiate of Gozag.
             Slain by a big kobold
             ... wielding a +0 whip
              (6 damage)
             ... in the Dungeon (Sprint VI: "Thunderdome").
             The game lasted 00:00:12 (48 turns).

sahdkjhfkaj the Poker (Merfolk Gladiator)             Turns: 48, Time: 00:00:12

Health: -2/17      AC:  4    Str: 14    XL:     1   Next: 20%
Magic:  1/1        EV: 14    Int:  7    God:    Gozag
Gold:   245        SH:  0    Dex: 15    Spells: 0/0 levels left

rFire    . . .     SeeInvis .   a - +0 trident
rCold    . . .     Faith    .   (no shield)
rNeg     . . .     Spirit   .   b - +0 leather armour
rPois    .         Reflect  .   c - +0 helmet
rElec    .         Harm     .   (no cloak)
rCorr    .         Rampage  .   (no gloves)
Will     .....     NoTele   +   (no boots)
Stlth    +.........             (no amulet)
HPRegen  0.05/turn              (no ring)
MPRegen  0.07/turn              (no ring)

@: no status effects
A: change form in water, swift swim, stealthy swim
a: Potion Petition, Call Merchant, Bribe Branch, Renounce Religion


You were in the Dungeon.
You worshipped Gozag.
Gozag was aware of your devotion.
You visited 1 branch You collected 245 gold pieces.

Inventory:

Hand Weapons
 a - a +0 trident (weapon)
Missiles
 d - 3 throwing nets (quivered)
Armour
 b - a +0 leather armour (worn)
 c - a +0 helmet (worn)
Wands
 k - a wand of acid (5)
 l - a wand of iceblast (5)
Scrolls
 j - 4 scrolls of blinking
 m - 3 scrolls of fog
Potions
 e - a potion of curing
 f - 4 potions of heal wounds
 g - 4 potions of haste
 h - 2 potions of magic
 i - a potion of berserk rage
 n - a potion of resistance


   Skills:
 + Level 2.4 Fighting
 * Level 5.0 Polearms
 - Level 2.0 Throwing
 + Level 4.2 Dodging


You couldn't memorise any spells.
You didn't know any spells.
Your spell library was empty.

Dungeon Overview and Level Annotations

Branches:
Dungeon (1/1)

Altars:
Fedhas
Gozag
Uskayaw
Wu Jian
Xom
The Shining One
Beogh
Lugonu

Shops:
D **[(


Message History

Unknown command.
You closely miss the big kobold.
The big kobold is lightly wounded.
The big kobold barely misses you.
The big kobold hits you but does no damage.
You hit the big kobold.
The big kobold is moderately wounded.
The big kobold hits you.
* * * LOW HITPOINT WARNING * * *
The big kobold barely misses you.
Unknown command.
You puncture the big kobold!
The big kobold is heavily wounded.
The big kobold closely misses you.
The big kobold hits you but does no damage. x2
You closely miss the big kobold.
The big kobold is heavily wounded.
The big kobold hits you with a +0 whip.
You die...
Your body crumbles into a pile of gold.

......###......___
#.8.........8.####
#⌠...........§#
###.........###
_......._#
........_#
_......)_#
∩......K∩#
#∩.....@##
##....K## ##⌠⌠⌠#
####


You could see 2 big kobolds.

Vanquished Creatures
  A hobgoblin (D)
1 creature vanquished.

Notes
Turn   | Place    | Note
-------+----------+-------------------------------------------
     0 | D        | sahdkjhfkaj the Merfolk Gladiator began the quest for the
                  | Orb.
     0 | D        | Reached XP level 1. HP: 16/16 MP: 1/1
     1 | D        | Found a roughly hewn altar of Beogh.
     1 | D        | Found an opulent altar of Gozag.
     2 | D        | Found a shimmering altar of Xom.
     2 | D        | Found a glowing golden altar of the Shining One.
     3 | D        | Found an ornate altar of the Wu Jian Council.
     3 | D        | Found a hide-covered altar of Uskayaw.
     4 | D        | Found a corrupted altar of Lugonu.
     4 | D        | Found a blossoming altar of Fedhas.
     4 | D        | Found Amudif's Weapon Rack.
     4 | D        | Found Medim's Premium Goods.
     5 | D        | Found Sane's Basic Armour.
     5 | D        | Found Rahowof's Miscellaneous Merchandise.
     5 | D        | Round 1.
     9 | D        | Became a worshipper of Gozag Ym Sagoz the Greedy
    13 | D        | Reached skill level 5 in Polearms
    36 | D        | Noticed a big kobold
    36 | D        | Noticed a big kobold
    48 | D        | Slain by a big kobold

Illustrated notes

Levels and vault maps discovered:
D:        arena_sprint

Skill      XL: |  1 |
---------------+----+-----
Polearms       | 5 |  5.0
Fighting       | |  2.4
Throwing       | |  2.0
Dodging        | |  4.2

Action                   || total
-------------------------++-------
Melee: Trident           ||    14
Armor: Leather armour    ||     5
Dodge: Dodged            ||    11

Table legend: (Time is in decaauts)
 A = Elapsed time spent in this place.
 B = Non-inter-level travel time spent in this place.
 C = Inter-level travel time spent in this place.
 D = Time resting spent in this place.
 E = Time spent auto-exploring this place.
 F = Levels seen in this place.
 G = Mean time per level.
                   A        B        C        D        E       F      G
               +--------+--------+--------+--------+--------+-----+--------+
         Total |     49 |     49 |      0 |     20 |      0 |   1 |   49.0 |
       Dungeon |     49 |     49 |      0 |     20 |      0 |   1 |   49.0 |
               +--------+--------+--------+--------+--------+-----+--------+

Top non-repeatable levels by time:
       D: 49 daAuts
